 Dungeon Crawl Stone Soup version 0.25-a0-734-g73332ae (webtiles) character file.

Game seed: 16005985022003199899, levelgen mode: deterministic

1834 BlueFish the Thaumaturge (level 8, -1/60 HPs)
             Began as a Mummy Wizard on Apr 10, 2020.
             Was a Follower of Kikubaaqudgha.
             Slain by an orc priest
             ... wielding a +0 mace
              (6 damage)
             ... on level 6 of the Dungeon.
             The game lasted 00:25:22 (8819 turns).

BlueFish the Thaumaturge (Mummy Wizard)             Turns: 8819, Time: 00:25:22

Health: -1/60      AC:  4    Str: 11    XL:     8   Next: 87%
Magic:  20/21      EV: 13    Int: 19    God:    Kikubaaqudgha [*.....]
Gold:   340        SH:  0    Dex: 10    Spells: 16/26 levels left

rFire    x . .     SeeInvis +   n - +2 spear (venom)
rCold    + . .     Gourm    .   (no shield)
rNeg     + + +     Faith    .   a - +0 robe
rPois    ∞         Spirit   .   b - +0 hat
rElec    .         Reflect  .   m - +1 cloak {rPois}
rCorr    .         Harm     .   (no gloves)
MR       +....                  (no boots)
Stlth    ++........             (no amulet)
HPRegen  0.20/turn              g - ring of see invisible
MPRegen  0.17/turn              (no ring)

@: no status effects
A: no food or potions, fire vulnerability, cold resistance 1, negative energy
resistance 3, torment resistance, unbreathing
a: Receive Corpses, Renounce Religion


You were on level 6 of the Dungeon.
You worshipped Kikubaaqudgha.
Kikubaaqudgha was aware of your devotion.
You were not hungry.

You visited 2 branches of the dungeon, and saw 7 of its levels.
You also visited: Sewer.

You collected 340 gold pieces.

Inventory:

Hand Weapons
 n - a +2 spear of venom (weapon)
 o - a +0 whip of electrocution
Armour
 a - a +0 robe (worn)
 b - a +0 hat (worn)
 m - a +1 cloak of poison resistance (worn)
Jewellery
 g - a ring of see invisible (left hand)
Wands
 d - a wand of acid (2)
 f - a wand of clouds (4)
 q - a wand of flame (15)
 s - a wand of random effects (19)
Scrolls
 c - 3 scrolls of remove curse
 e - 3 scrolls of amnesia
 h - a scroll of enchant armour
 i - a scroll of magic mapping
 j - 4 scrolls of immolation {unknown}
 k - a scroll of fear {unknown}
 l - 2 scrolls of enchant weapon {unknown}
 p - 2 scrolls of blinking {unknown}
 r - a scroll of teleportation {unknown}


   Skills:
 * Level 3.7 Fighting
   Level 0.5 Short Blades
 + Level 2.1 Polearms
 * Level 3.6 Dodging
 * Level 3.7 Stealth
 * Level 9.6 Spellcasting
 + Level 1.5 Conjurations
 + Level 2.7 Summonings
 + Level 0.7 Translocations
 * Level 1.9 Evocations


You had 16 spell levels left.
You knew the following spells:

 Your Spells              Type           Power        Failure   Level  Hunger
a - Magic Dart            Conj           ###.         4%          1    N/A
b - Blink                 Tloc           N/A          9%          2    N/A
c - Call Imp              Summ           ###.....     3%          2    N/A
d - Slow                  Hex            #.......     12%         2    N/A
e - Mephitic Cloud        Conj/Pois/Air  ##......     19%         3    N/A

Your spell library contained the following spells:

 Spells                   Type           Power        Failure   Level  Hunger
 Animate Skeleton         Necr           N/A          8%          1    N/A
 Pain                     Necr           #...         8%          1    N/A
 Corpse Rot               Necr/Air       N/A          12%         2    N/A
 Conjure Flame            Conj/Fire      ##......     17%         3    N/A
 Vampiric Draining        Necr           #.........   22%         3    N/A
 Leda's Liquefaction      Hex/Erth       #.........   58%         4    N/A
 Bolt of Magma            Conj/Fire/Erth ##........   86%         5    N/A
 Iron Shot                Conj/Erth      ##........   100%        6    N/A
 Shatter                  Erth           #.........   100%        9    N/A
 Statue Form              Tmut/Erth      Unusable     N/A         6    N/A

Dungeon Overview and Level Annotations

Branches:
Dungeon (6/15)             Temple (1/1) D:5           Sewer (visited)

Altars:
Ashenzari
Cheibriados
Dithmenos
Elyvilon
Fedhas
Gozag
Hepliaklqana
Kikubaaqudgha
Nemelex Xobeh
Okawaru
Qazlal
Ru
Sif Muna
Trog
Uskayaw
Vehumet
Wu Jian
Xom
Yredelemnul
Zin


Innate Abilities, Weirdness & Mutations

You do not eat or drink.
Your flesh is vulnerable to fire.
You are immune to poison.
Your flesh is cold resistant. (rC+)
You are immune to negative energy. (rN+++)
You are immune to unholy pain and torment.
You can survive without breathing.


Message History

The orc priest closely misses you.
You hit the orc priest.
The orc priest is severely wounded.
Your crimson imp blinks!
Your crimson imp hits the orc priest.
You hit the orc priest but do no damage.
The orc priest is poisoned.
The orc priest is severely wounded.
The orc priest hits you with a +0 mace.
* * * LOW HITPOINT WARNING * * *
Your crimson imp hits the orc priest but does no damage.
Your crimson imp blinks!
You catch the helpless orc priest completely off-guard!
You hit the orc priest but do no damage.
The orc priest looks as sick as possible!
The orc priest is severely wounded.
Your crimson imp blinks!
The orc priest hits you with a +0 mace.
You die...
Kikubaaqudgha rasps: "You have failed me!
Welcome... oblivion!"

#..# #.#.## ###
...#####.#..[ #..
..........#### #.#
#....#......# #<# .#
##.###.# #5#
#.#.##.# #.# #.#
#.#.##.###.## #.#
#.#.##.##.... #@#
#....#.##.... #o#
#........>...
##§####..#.#.###.##
#.§z..o...#.(###.##
#..####.5###.......
#..####...#........
#..5.....o.........
##.######.5..#.#..##
#..# #.#.#.....##


You could see a wight, an orc priest and a friendly crimson imp.

Vanquished Creatures
  Pikel (D:5)
  A black bear (D:6)
  2 slaves (D:5)
  An ogre (D:5)
  A big kobold (Sewer)
  2 bullfrogs (D:6)
  2 wights (D:6)
  3 orc wizards
  4 orc priests
  3 hounds
  A jelly (D:6)
  Crazy Yiuf (D:2)
  3 worker ants
  A hound skeleton (D:6)
  4 river rats (Sewer)
  6 adders
  An adder skeleton (D:6)
  A worm (D:2)
  2 dart slugs (D:1)
  A leopard gecko (D:1)
  13 orcs
  2 bats
  6 giant cockroaches
  5 goblins
  6 hobgoblins
  2 jackals (D:3)
  13 kobolds
  2 quokkas
  5 ball pythons (Sewer)
  4 frilled lizards
  A quokka skeleton (D:4)
  15 rats
115 creatures vanquished.

Vanquished Creatures (collateral kills)
  Sigmund (D:2)
  Edmund (D:5)
  2 bullfrogs (D:6)
  A wyvern skeleton (D:6)
  A wight (D:6)
  2 orc priests
  A hound (D:5)
  Ijyb (D:5)
  An orc wizard (D:3)
  A worker ant (D:4)
  A hound skeleton (D:6)
  4 gnolls (D:3)
  An adder (D:6)
  2 river rats (Sewer)
  2 worms (D:4)
  8 orcs
  2 jackals (D:3)
  10 kobolds (Sewer)
  10 rats (Sewer)
52 creatures vanquished.

Grand Total: 167 creatures vanquished

Notes
Turn   | Place    | Note
-------+----------+-------------------------------------------
     0 | D:1      | BlueFish the Mummy Wizard began the quest for the Orb.
     0 | D:1      | Reached XP level 1. HP: 13/13 MP: 5/5
   234 | D:1      | Reached XP level 2. HP: 19/19 MP: 1/7
   238 | D:1      | Learned a level 2 spell: Blink
   241 | D:1      | Learned a level 2 spell: Call Imp
   244 | D:1      | Learned a level 2 spell: Slow
  1008 | D:2      | Reached skill level 1 in Conjurations
  1230 | D:2      | Reached XP level 3. HP: 25/25 MP: 6/9
  1235 | D:2      | Learned a level 3 spell: Mephitic Cloud
  1450 | D:2      | Reached skill level 1 in Fighting
  1598 | D:2      | Noticed Sigmund
  1622 | D:2      | Killed Sigmund
  1622 | D:2      | Reached skill level 5 in Spellcasting
  1622 | D:2      | Reached XP level 4. HP: 26/32 MP: 6/11
  1864 | D:2      | Found a runed translucent door.
  1865 | D:2      | Noticed Crazy Yiuf
  2184 | D:2      | Killed Crazy Yiuf
  2184 | D:2      | Reached skill level 1 in Summonings
  2184 | D:2      | Reached XP level 5. HP: 20/37 MP: 1/13
  2951 | D:3      | Found an iron altar of Okawaru.
  2952 | D:3      | Found a snail-covered altar of Cheibriados.
  3727 | D:3      | Reached skill level 6 in Spellcasting
  4299 | D:4      | Found a white marble altar of Elyvilon.
  4385 | D:4      | Reached XP level 6. HP: 44/44 MP: 12/15
  4496 | D:4      | Found a glowing drain.
  4502 | Sewer    | Entered a sewer
  5680 | D:4      | Found Pekkirph's Antique Armour Shop.
  5948 | D:4      | Reached skill level 1 in Polearms
  5957 | D:4      | Reached skill level 7 in Spellcasting
  5957 | D:4      | Reached XP level 7. HP: 51/51 MP: 15/17
  6080 | D:4      | Found a blossoming altar of Fedhas.
  6191 | D:5      | Entered Level 5 of the Dungeon
  6345 | D:5      | Noticed Ijyb
  6362 | D:5      | HP: 1/51 [Ijyb/puff of flame (19)]
  6913 | D:5      | Noticed Pikel
  6936 | D:5      | Killed Pikel
  6936 | D:5      | Reached skill level 8 in Spellcasting
  6936 | D:5      | Reached skill level 1 in Evocations
  6936 | D:5      | Reached XP level 8. HP: 23/58 MP: 17/20
  7139 | D:5      | Noticed Edmund
  7155 | D:5      | Killed Edmund
  7159 | D:5      | Killed Ijyb
  7225 | D:5      | Found a staircase to the Ecumenical Temple.
  7234 | Temple   | Entered the Ecumenical Temple
  7257 | Temple   | Became a worshipper of Kikubaaqudgha
  8283 | D:6      | Reached skill level 9 in Spellcasting
  8731 | D:6      | Reached * piety under Kikubaaqudgha
  8731 | D:6      | Identified Kikubaaqudgha's Guide on Necromancy
                  | (Kikubaaqudgha gifted it to you on level 6 of the Dungeon)
  8731 | D:6      | Received a gift from Kikubaaqudgha
  8819 | D:6      | Slain by an orc priest

Levels and vault maps discovered:
D:1:      nagdon_arrival_zigzag_paths, layout_rooms
D:2:      layout_loops_ring, uniq_sigmund, uniq_crazy_yiuf_cottage
D:3:      layout_loops_corners, chequers_temple_overflow_statue_of_worship,
          serial_co_window_serial, co_window_corner_a, co_window_corner_a,
          co_window_corner_a, co_window_corner_a, co_window_paths_a,
          co_window_corner_ca, co_window_2corner, co_window_corner_b,
          co_window_4corner_b, glass_columns_c, grunt_decor_cap,
          kennysheep_generic_room_9
D:4:      cheibrodos_pilgrimage, layout_loops_ring, overflow_temple_1_default,
          fedhas_altar_4, first_ration, serial_shops, nicolae_shop_behind_doors,
          gup_sewer_entry_bubbles, minmay_close_crescents
D:5:      layout_loops_cross, minmay_temple_entry_mini_moons,
          chequers_serial_rivers_micro_a, kennysheep_windowed_goal, uniq_ijyb,
          uniq_edmund, uniq_pikel
D:6:      layout_loops_ring, serial_shops, nicolae_shop_waterfront,
          bh_walls_and_bars
Temple:   nicolae_temple_elliptical

Skill      XL: |  1  2  3  4  5  6  7  8 |
---------------+-------------------------+-----
Dodging        | 2 3 |  3.6
Conjurations   | 1 |  1.5
Fighting       | 1 2 3 |  3.7
Stealth        | 2 3 |  3.7
Spellcasting   | 5 6 7 8 9 |  9.6
Summonings     | 1 2 |  2.7
Polearms       | 1 2 |  2.1
Evocations     | 1 |  1.9
Short Blades   | |  0.5
Translocations | |  0.7

Action                   |  1- 3 |  4- 6 |  7- 9 || total
-------------------------+-------+-------+-------++-------
Melee: Spear             |     5 |    93 |   163 ||   261
       Dagger            |    43 |    63 |       ||   106
 Cast: Magic Dart        |    63 |    85 |    25 ||   173
       Call Imp          |     6 |    58 |    53 ||   117
       Blink             |       |       |     1 ||     1
  Use: Scroll            |     3 |     1 |     1 ||     5
 Stab: Distracted        |     1 |       |     1 ||     2
       Sleeping          |       |     1 |     1 ||     2
Armor: Robe              |     4 |    19 |    24 ||    47
Dodge: Dodged            |    22 |    78 |    69 ||   169

Table legend:
 A = Non-vault XP
 B = Vault XP
 C = Vault XP percentage of total XP
 D = Non-vault monster count
 E = Vault monster count
 F = Vault count percentage of total count
                 A         B        C        D         E       F
            +---------+---------+-------+---------+---------+-------
      Total |    1455 |    1166 |  44.5 |      98 |      67 |  40.6
            +---------+---------+-------+---------+---------+-------
        D:1 |      23 |       0 |   0.0 |      10 |       0 |   0.0
        D:2 |      45 |     140 |  75.7 |      18 |       2 |  10.0
        D:3 |     145 |       1 |   0.7 |      33 |       1 |   2.9
        D:4 |      99 |      98 |  49.7 |       4 |      12 |  75.0
        D:5 |     285 |     714 |  71.5 |      12 |       4 |  25.0
        D:6 |     858 |       0 |   0.0 |      21 |       0 |   0.0
      Sewer |       0 |     213 | 100.0 |       0 |      48 | 100.0
            +---------+---------+-------+---------+---------+-------
